 Dungeon Crawl Stone Soup version 0.30-a0-739-gea05faddec (webtiles) character file.

Game seed: 4723928089786208466

254 ASSMAN the Covert (level 6, -11/56 HPs)
             Began as a Naga Delver on Feb 5, 2023.
             Mangled by an ogre
             ... wielding a +0 giant spiked club
              (23 damage)
             ... on level 4 of the Dungeon.
             The game lasted 00:04:53 (1875 turns).

ASSMAN the Covert (Naga Delver)                     Turns: 1875, Time: 00:04:53

Health: -11/56     AC:  4    Str: 14    XL:     6   Next: 15%
Magic:  6/6        EV:  9    Int: 11    God:
Gold:   50         SH:  0    Dex: 14    Spells: 5/5 levels left

rFire   . . .      SeeInvis +    a - +0 short sword
rCold   . . .      Faith    .    (no shield)
rNeg    . . .      Spirit   .    b - +0 leather armour
rPois   +          Reflect  .    h - +0 helmet
rElec   .          Harm     .    (no cloak)
rCorr   .          Rampage  .    (no gloves)
Will    .....                    (no barding)
Stlth   +++++                    (no amulet)
HPRegen 0.29/turn                (no ring)
MPRegen 0.10/turn                (no ring)

@: very slow
A: AC +2, large, see invisible, deformed body, poison resistance, slowness 2,
spit poison 1, naga tail 1
a: Spit Poison


You were on level 4 of the Dungeon.
You visited 1 branch of the dungeon, and saw 3 of its levels.

You collected 50 gold pieces.

Inventory:

Hand Weapons
 a - a +0 short sword (weapon)
Armour
 b - a +0 leather armour (worn)
 h - a +0 helmet (worn)
Wands
 g - a wand of digging (3)
Scrolls
 c - a scroll of fog
 d - a scroll of magic mapping
 e - a scroll of fear
 j - a scroll of silence {unknown}
 k - a scroll of enchant weapon {unknown}
Potions
 i - a potion of magic {unknown}
 l - a potion of curing {unknown}


   Skills:
 - Level 3.0 Fighting
 - Level 2.0 Short Blades
 - Level 1.5 Dodging
 + Level 11.7 Stealth


You had 5 spell levels left.
You didn't know any spells.
Your spell library contained the following spells:

 Spells                   Type           Power      Damage    Failure   Level
 Slow                     Hex            0%         N/A       41%         1
 Confusing Touch          Hex            0%         N/A       80%         3
 Vampiric Draining        Necr           0%         2d6       80%         3


Dungeon Overview and Level Annotations

Branches:
Dungeon (5/15)
 Temple: D:4-7

Altars:
Hepliaklqana


Innate Abilities, Weirdness & Mutations

Your serpentine skin is tough. (AC +2)
You have supernaturally acute eyesight. (SInv)
Armour fits poorly on your strangely shaped body.
Your system is resistant to poisons. (rPois)
You cover ground very slowly.
You can spit poison.
You have a snake-like lower body.


Message History

The ogre is lightly wounded.
You have got your breath back.
The ogre barely misses you.
You hit the ogre but do no damage.
The ogre is lightly wounded.
You hit the ogre.
The ogre is lightly wounded.
The ogre barely misses you.
You barely miss the ogre.
The ogre is lightly wounded.
You hit the ogre.
The ogre is moderately wounded.
The ogre hits you with a +0 giant spiked club!
You hit the ogre.
The ogre is moderately wounded.
The ogre closely misses you.
You hit the ogre.
The ogre is heavily wounded.
You hit the ogre.
The ogre is heavily wounded.
The ogre hits you with a +0 giant spiked club!
Aiming: Spit Poison (1% risk of failure)
Press: ? - help, Shift-Dir - straight line, f - ogre
Aim: an ogre, wielding a +0 giant spiked club (heavily wounded, 81% to hit)
The splash of poison hits the ogre.
The ogre is poisoned.
The ogre is heavily wounded.
You barely miss the ogre.
The ogre is severely wounded.
The ogre hits you with a +0 giant spiked club!!
* * * LOW HITPOINT WARNING * * *
You hit the ogre.
The ogre is severely wounded.
The ogre completely misses you.
You barely miss the ogre.
The ogre is severely wounded.
You have got your breath back.
You hit the ogre.
The ogre is almost dead.
The ogre hits you with a +0 giant spiked club!!
You die...

...########
..........#
...##################
##.##...###..†......#
#..#.8.+#...#..)...#
##.#...#...##......#
#.#..)#..##+...###...#
#.'.8.)### #...# ..#
###..)#.# #..@# #
#...#..# +###OJ....#
#.8.+##.. B=....#
#...# .## ......#
######################
###.........#.......#
..'>........'.......#
..#.........####...##
#.##.......## ##.##


You could see an ogre (poisoned), an endoplasm and a giant cockroach.

Vanquished Creatures
  A necrophage (D:4)
  A hound (D:4)
  3 iguanas (D:4)
  3 adders (D:4)
  2 ufetubi (D:4)
  A dart slug (D:4)
  12 orcs (D:4)
  4 ball pythons (D:4)
  A giant cockroach (D:4)
  3 goblins (D:4)
  4 hobgoblins (D:4)
  A quokka (D:4)
  2 kobolds (D:4)
38 creatures vanquished.

Notes
Turn   | Place    | Note
-------+----------+-------------------------------------------
     0 | D:5      | ASSMAN the Naga Delver began the quest for the Orb.
     0 | D:5      | Reached XP level 1. HP: 21/21 MP: 1/1
     0 | D:5      | Found a hazy altar of Hepliaklqana.
    44 | D:4      | Reached skill level 8 in Stealth
    44 | D:4      | Reached XP level 2. HP: 20/28 MP: 2/2
   256 | D:4      | Reached skill level 9 in Stealth
   256 | D:4      | Reached XP level 3. HP: 30/34 MP: 3/3
   325 | D:4      | Reached XP level 4. HP: 42/42 MP: 4/4
   746 | D:4      | Reached skill level 10 in Stealth
  1361 | D:4      | Reached XP level 5. HP: 49/49 MP: 5/5
  1720 | D:4      | Reached skill level 11 in Stealth
  1720 | D:4      | Reached XP level 6. HP: 38/56 MP: 6/6
  1875 | D:4      | Mangled by an ogre

Illustrated notes

Levels and vault maps discovered:
D:3:      layout_basic, amethyst_overflow_temple_binary, grunt_ministairs_4,
          uniq_ijyb
D:4:      minmay_chambers_of_threes, layout_loops_corners,
          minmay_strange_pillars
D:5:      minmay_skewed_foursquare, layout_loops_ring,
          mainiacjoe_overflow_concentric_impassable, temple_pool_b,
          uniq_crazy_yiuf_cottage

Skill      XL: |  1  2  3  4  5 |
---------------+----------------+-----
Stealth        | 8 9 10 11 | 11.7
Fighting       | |  3.0
Short Blades   | |  2.0
Dodging        | |  1.5

Action                     |  1- 3 |  4- 6 || total
---------------------------+-------+-------++-------
  Melee: Short sword       |    37 |   153 ||   190
         Punch             |       |     1 ||     1
Ability: Spit Poison       |     4 |    20 ||    24
    Use: Potion            |       |     2 ||     2
   Stab: Sleeping          |     3 |     1 ||     4
 Armour: Leather armour    |    10 |    43 ||    53
  Dodge: Dodged            |    13 |    66 ||    79

Table legend: (Time is in decaauts)
 A = Elapsed time spent in this place.
 B = Non-inter-level travel time spent in this place.
 C = Inter-level travel time spent in this place.
 D = Time resting spent in this place.
 E = Time spent auto-exploring this place.
 F = Levels seen in this place.
 G = Mean time per level.
                   A        B        C        D        E       F      G
               +--------+--------+--------+--------+--------+-----+--------+
         Total |   2122 |   2112 |     10 |    534 |   1213 |   3 |  707.3 |
       Dungeon |   2122 |   2112 |     10 |    534 |   1213 |   3 |  707.3 |
               +--------+--------+--------+--------+--------+-----+--------+

Top non-repeatable levels by time:
     D:4: 1993 daAuts
     D:3: 118 daAuts
     D:5: 10 daAuts
